 Dungeon Crawl Stone Soup version 0.29.0-10-g45618ea6d2 (webtiles) character file.

Game seed: 12491367041582146223

2649 keekatzer the Destroyer (level 9, 0/71 HPs)
             Began as a Purple Draconian Monk on Sept 2, 2022.
             Was a High Priest of Vehumet.
             Killed from afar by an electric eel (9 damage)
             ... with a bolt of electricity
             ... on level 7 of the Dungeon.
             The game lasted 00:38:51 (5826 turns).

keekatzer the Destroyer (Purple Draconian Monk)     Turns: 5826, Time: 00:38:52

Health: 0/71       AC: 10    Str: 20    XL:     9   Next: 36%
Magic:  14/19      EV: 28    Int: 21    God:    Vehumet [*****.]
Gold:   272        SH:  0    Dex: 13    Spells: 9/21 levels left

rFire   . . .      SeeInvis .   x - +2 quarterstaff (chaos)
rCold   . . .      Faith    .   (shield currently unavailable)
rNeg    . . .      Spirit   .   (body armour unavailable)
rPois   .          Reflect  .   (helmet restricted)
rElec   .          Harm     .   y - +0 cloak {rCorr}
rCorr   +          Rampage  .   t - +0 pair of gloves
Will    +....                   p - +0 pair of boots
Stlth   +.........              f - amulet of the acrobat
HPRegen 0.21/turn               n - +6 ring of strength
MPRegen 0.16/turn               a - +6 ring of intelligence

@: acrobatic, very slow
A: breathe power, AC +7, unfitting armour, cold-blooded
a: Breathe Dispelling Energy, Renounce Religion


You were on level 7 of the Dungeon.
You worshipped Vehumet.
Vehumet was extremely pleased with you.
You visited 1 branch of the dungeon, and saw 7 of its levels.

You collected 272 gold pieces.

Inventory:

Hand Weapons
 l - a +2 whip of freezing
 v - the +4 dagger of the Supporting Gods {spect, rC+ SInv}
   (You found it on level 3 of the Dungeon)

   When its wielder attacks, the weapon's spirit leaps out and strikes again.
   The spirit shares a part of any damage it takes with its wielder.
   rC:        It protects you from cold.
   SInv:      It lets you see invisible.
 x - a +2 quarterstaff of chaos (weapon)
 z - a +0 hammer
 E - a +2 whip of electrocution
Missiles
 i - 17 poisoned darts (quivered)
Armour
 p - a +0 pair of boots (worn)
 t - a +0 pair of gloves (worn)
 y - a +0 cloak of preservation (worn)
 A - a +0 buckler
Jewellery
 a - a +6 ring of intelligence (right hand)
 f - an amulet of the acrobat (around neck)
 n - a +6 ring of strength (left hand)
 w - a ring of flight
 D - an amulet of guardian spirit
Wands
 m - a wand of light (23)
 C - a wand of paralysis (14)
Scrolls
 d - 2 scrolls of fear
 o - a scroll of immolation {unknown}
 q - a scroll of enchant armour {unknown}
 u - a scroll of teleportation {unknown}
Potions
 b - a potion of ambrosia
 c - 2 potions of might
 e - 5 potions of curing
 g - a potion of resistance
 h - 3 potions of lignification
 j - 2 potions of invisibility
 k - 4 potions of haste
 r - a potion of berserk rage {unknown}
 s - a potion of attraction {unknown}
 B - a potion of brilliance {unknown}
 F - 2 potions of magic {unknown}


   Skills:
 - Level 3.8 Fighting
 - Level 3.0 Axes
 - Level 5.0 Staves
 + Level 4.0 Dodging
 - Level 1.8 Stealth
 + Level 6.7 Spellcasting
 * Level 8.5 Conjurations
 - Level 3.0 Hexes


You had 9 spell levels left.
You knew the following spells:

 Your Spells              Type           Power      Damage    Failure   Level
a - Magic Dart            Conj           100%       1d8       1%          1
b - Searing Ray           Conj           86%        2d7       1%          2
c - Sandblast             Erth           14%        2d6       2%          1
d - Flame Wave            Conj/Fire      25%        2d8       4%          4
e - Fulminant Prism       Conj/Hex       15%        3d11      2%          4

Your spell library contained the following spells:

 Spells                   Type           Power      Damage    Failure   Level
 Conjure Ball Lightning   Conj/Air       12%        3x3d6     50%         6
 Animate Dead             Necr           7%         N/A       65%         4
 Borgnjor's Vile Clutch   Necr/Erth      3%         N/A       94%         5
 Death Channel            Necr           3%         N/A       100%        6


Dungeon Overview and Level Annotations

Branches:
Dungeon (7/15)             Temple (0/1) D:4

Altars:
Vehumet
Wu Jian


Innate Abilities, Weirdness & Mutations

You can breathe bolts of dispelling energy.
Your rich purple scales are hard. (AC +7)
You cannot fit into any form of body armour.
You are cold-blooded and may be slowed by cold attacks.


Message History

The searing ray hits the electric eel.
You kill the electric eel!
Vehumet accepts your kill.
You feel your power returning.
Your Dodging skill increases to level 4!
Okay, then.
An electric eel comes into view.
The electric eel shoots out a bolt of lightning at you!
The bolt of electricity misses you.
Casting: Searing Ray (safe; 1% risk of failure)
Confirm with . or Enter, or press ? or * to list all spells.
Aiming: Searing Ray (safe; 1% risk of failure)
Press: ? - help, Shift-Dir - straight line, f - electric eel
Aim: an electric eel (70% to hit)
The searing ray hits the electric eel!
The electric eel is severely wounded. (Press . to maintain the ray.)
The electric eel shoots out a bolt of lightning at you!
The bolt of electricity hits you!
The searing ray misses the electric eel.
The electric eel shoots out a bolt of lightning at you!
The bolt of electricity hits the electric eel.
The electric eel completely resists.
The bolt of electricity hits you!
Unknown command.
The searing ray hits the electric eel!
You kill the electric eel!
Vehumet accepts your kill.
You feel your power returning.
The electric eel shoots out a bolt of lightning at you!
The bolt of electricity hits you!
The electric eel shoots out a bolt of lightning at you!
The bolt of electricity hits the plant!
The plant begins to die.
The bolt of electricity hits you!
* * * LOW HITPOINT WARNING * * *
The bolt of electricity misses you.
The electric eel shoots out a bolt of lightning at you!
The bolt of electricity hits the plant!
The bolt of electricity hits you.
* * * LOW HITPOINT WARNING * * *
The bolt of electricity hits you!
You die...

♣♣~~P~~P~≈≈≈≈≈≈≈≈≈≈≈≈~
~♣~~~~~~≈≈≈≈≈≈≈≈≈≈≈≈≈~~~
♣~P~♣~P~≈≈≈≈≈≈≈≈≈≈≈≈≈~~♣
.†♣P~~~~~~≈≈≈≈≈≈≈≈≈≈♣~~~
..~♣~~~~~~≈≈≈≈≈≈≈~~~~~
#.~♣♣~~~~~~≈≈P~≈~~~S~~
###♣♣♣~♣♣~~~~~~~♣~P♣
#~♣♣♣♣~~P~~~♣~~♣ ##
♣♣♣♣~♣~@~# ###......#
########


You could see an electric eel.

Vanquished Creatures
  Pikel (D:6)
  A wyvern (D:7)
  A water moccasin (D:7)
  Duvessa (D:7)
  A black bear (D:4)
  An ogre (D:6)
  A centaur (D:5)
  3 lemures (D:6)
  A kobold brigand (D:7)
  A phantom (D:5)
  4 bullfrogs
  2 scorpions (D:5)
  A gnoll sergeant (D:6)
  Dowan (D:7)
  4 electric eels (D:7)
  3 jellies
  2 hounds (D:5)
  Crazy Yiuf (D:2)
  3 orc priests
  5 orc wizards
  5 iguanas
  12 gnolls
  8 adders
  2 white imps
  2 ufetubi (D:6)
  3 worms
  3 dart slugs
  22 orcs
  4 bats
  6 endoplasms
  4 giant cockroaches
  3 goblins
  6 hobgoblins
  4 quokkas
  5 ball pythons
  A frilled lizard (D:3)
  12 kobolds
  3 rats
143 creatures vanquished.

Vanquished Creatures (others)
  A fungus (D:2)
  9 plants
10 creatures vanquished.

Grand Total: 153 creatures vanquished

Notes
Turn   | Place    | Note
-------+----------+-------------------------------------------
     0 | D:1      | keekatzer the Draconian Monk began the quest for the Orb.
     0 | D:1      | Reached XP level 1. HP: 19/19 MP: 1/1
   192 | D:1      | Reached XP level 2. HP: 26/26 MP: 2/2
   475 | D:1      | Found a faded altar of an unknown god.
   480 | D:1      | Prayed at the altar of an unknown god.
   480 | D:1      | Became a worshipper of Vehumet
   480 | D:1      | Reached * piety under Vehumet
   480 | D:1      | Offered knowledge of Sandblast by Vehumet.
   480 | D:1      | Reached ** piety under Vehumet
   483 | D:1      | Learned a level 1 spell: Sandblast
   596 | D:2      | Offered knowledge of Shock by Vehumet.
   859 | D:2      | Reached skill level 1 in Spellcasting
   859 | D:2      | Reached XP level 3. HP: 21/33 MP: 2/4
  1003 | D:2      | Learned a level 1 spell: Magic Dart
  1006 | D:2      | Learned a level 2 spell: Searing Ray
  1183 | D:2      | Offered knowledge of Mephitic Cloud by Vehumet.
  1210 | D:2      | Reached *** piety under Vehumet
  1211 | D:2      | Reached skill level 1 in Conjurations
  1791 | D:3      | Reached XP level 4. HP: 40/40 MP: 6/6
  1898 | D:3      | Identified the +4 dagger of the Supporting Gods {spect, rC+
                  | SInv}
  2124 | D:2      | Found a runed translucent door.
  2125 | D:2      | Noticed Crazy Yiuf
  2250 | D:2      | Killed Crazy Yiuf
  2251 | D:2      | Reached skill level 2 in Conjurations
  2420 | D:4      | Noticed a bullfrog
  2500 | D:3      | Killed a bullfrog
  2501 | D:3      | Reached skill level 1 in Staves
  2501 | D:3      | Reached skill level 3 in Conjurations
  2501 | D:3      | Reached XP level 5. HP: 11/46 MP: 6/8
  2738 | D:4      | Offered knowledge of Airstrike by Vehumet.
  2964 | D:4      | Noticed a black bear
  2972 | D:4      | Killed a black bear
  2973 | D:4      | Reached skill level 4 in Conjurations
  2973 | D:4      | Reached XP level 6. HP: 42/52 MP: 8/10
  3022 | D:4      | Found a staircase to the Ecumenical Temple.
  3166 | D:4      | Reached **** piety under Vehumet
  3386 | D:5      | Entered Level 5 of the Dungeon
  3390 | D:5      | Offered knowledge of Flame Wave by Vehumet.
  3399 | D:5      | Learned a level 4 spell: Flame Wave
  3544 | D:5      | Your scales start taking on a rich purple colour.
  3544 | D:5      | Reached XP level 7. HP: 58/58 MP: 1/12
  3552 | D:5      | Learned a level 4 spell: Fulminant Prism
  3644 | D:5      | Reached skill level 1 in Hexes
  3649 | D:5      | Reached skill level 5 in Conjurations
  4192 | D:5      | Reached XP level 8. HP: 61/66 MP: 12/15
  4312 | D:6      | Reached skill level 6 in Conjurations
  4396 | D:6      | Reached skill level 5 in Spellcasting
  4491 | D:6      | Noticed Pikel
  4509 | D:6      | Killed Pikel
  4510 | D:6      | Reached skill level 7 in Conjurations
  4774 | D:6      | Reached ***** piety under Vehumet
  4774 | D:6      | Offered knowledge of Conjure Ball Lightning by Vehumet.
  4933 | D:6      | Found an ornate altar of the Wu Jian Council.
  5326 | D:7      | Reached XP level 9. HP: 44/71 MP: 18/18
  5489 | D:7      | Reached skill level 5 in Staves
  5571 | D:7      | Noticed Duvessa
  5571 | D:7      | Noticed Dowan
  5579 | D:7      | Reached skill level 8 in Conjurations
  5588 | D:7      | Killed Duvessa
  5590 | D:7      | Killed Dowan
  5826 | D:7      | Killed from afar by an electric eel

Illustrated notes

Levels and vault maps discovered:
D:1:      lordsloth_arrival_two_stooges, layout_loops_ring,
          shapermc_ecumenical_altar_petra, corexii_item_surrounded_by_moat
D:2:      layout_rooms, uniq_crazy_yiuf_cottage
D:3:      layout_loops_ring
D:4:      layout_cave_pools, minmay_temple_entry_statues_fountains,
          saegor_snake_ambush
D:5:      layout_basic
D:6:      layout_rooms, nzn_wu_jian_contemplation, uniq_pikel
D:7:      layout_basic, serial_bayou_lake_a, uniq_prince_ribbit1, uniq_duvessa

Skill      XL: |  1  2  3  4  5  6  7  8  9 |
---------------+----------------------------+-----
Dodging        | 3 4 |  4.0
Spellcasting   | 1 2 3 4 6 |  6.7
Conjurations   | 1 3 4 5 7 8 |  8.5
Staves         | 1 2 3 4 5 |  5.0
Hexes          | 3 |  3.0
Fighting       | |  3.8
Axes           | |  3.0
Stealth        | |  1.8

Action                   |  1- 3 |  4- 6 |  7- 9 || total
-------------------------+-------+-------+-------++-------
Melee: Hand axe          |    23 |       |       ||    23
       Tailslap          |    12 |     7 |     9 ||    28
       War axe           |    73 |    17 |       ||    90
       Punch             |     2 |     1 |       ||     3
       Quarterstaff      |       |    84 |    79 ||   163
 Cast: Magic Dart        |     4 |     4 |    67 ||    75
       Searing Ray       |       |     3 |    23 ||    26
 Abil: Breathe Dispellin |       |       |     5 ||     5
Evoke: Wand              |       |       |     1 ||     1
  Use: Scroll            |       |     5 |     2 ||     7
 Stab: Sleeping          |     2 |     5 |     1 ||     8
       Paralysed         |       |     2 |       ||     2
       Confused          |       |     1 |       ||     1
       Invisible         |       |       |     3 ||     3
Armor: Skin              |    24 |    29 |    28 ||    81
Dodge: Dodged            |    79 |    80 |   105 ||   264
